 Dungeon Crawl Stone Soup version 0.31-a0-1570-g93c622d222 (webtiles) character file.

Game seed: 6625658321182605155

500417 MackTheKnife the Slayer (level 22, -6/206 HPs)
             Began as a Minotaur Hunter on Jan 3, 2024.
             Was the Champion of Makhleb.
             Mangled by a demonspawn black sun
             ... wielding a +0 glaive
             ... summoned by a shadow demon
              (14 damage)
             ... in Pandemonium.
             The game lasted 01:18:03 (23133 turns).

MackTheKnife the Slayer (Minotaur Hunter)          Turns: 23133, Time: 01:18:03

Health: -6/206     AC: 38    Str: 23    XL:     22   Next: 15%
Magic:  28/28      EV: 27    Int:  9    God:    Makhleb [******]
Gold:   1521       SH:  0    Dex: 21    Spells: 21/21 levels left

rFire   . . .        Z - +7 broad axe of Experimentation {protect, SInv, axe}
rCold   + . .        K - +2 kite shield {AC+3}
rNeg    + . .        Y - melded +5 plate armour of the Frog {+Blink rElec Stlth+} rPois โˆž
                     D - +2 hat {Int+3}
rElec   +            q - +1 cloak of Starlight {*Dazzle EV+4 Stlth--}
rCorr   .            R - melded +3 pair of gauntlets of War {Slay+5}
SInv    +            I - melded +0 pair of boots of Sitwor {rPois Int+3 Dex-2 Slay+4}
Will    ++...        j - amulet of the Trilobite {Reflect +Blink rC+ SH+5} Stlth
                     C - ring "Loser" {Str+3 SInv}
HPRegen 0.54/turn    M - ring of willpower
MPRegen 0.21/turn

%: reflection
@: confused, statue-form, ambrosia-drunk, under a protective aura, studying
Axes, very slow
A: slow and powerful, torment resistance 1, reduced hp, horns 2, retaliatory
headbutt, MP-powered wands
}: 4/15 runes: serpentine, barnacled, slimy, silver
a: Begin Untransformation, Renounce Religion, Evoke Blink, Minor Destruction,
Lesser Servant of Makhleb, Major Destruction, Greater Servant of Makhleb


You were in Pandemonium.
You worshipped Makhleb.
Makhleb was exalted by your worship.
You were a living statue of rough stone.
You visited 10 branches of the dungeon, and saw 46 of its levels.
You visited Pandemonium 1 time, and saw 1 of its levels.
You also visited: Sewer, Bailey, Gauntlet and Ice Cave.

You collected 3567 gold pieces.
You spent 2046 gold pieces at shops.


Innate Abilities, Weirdness & Mutations

You are a living statue of rough stone.
Your actions are slow, but your melee attacks are powerful.
You are resistant to unholy torment.
Your maximum health is decreased, since you lack skill for your form.
Your equipment is partially melded.
You are immune to poison.
You have a pair of horns on your head.
You reflexively headbutt those who attack you in melee.
You expend magic power (3 MP) to strengthen your wands.


   Skills:
 - Level 21.6 Fighting
 - Level 18.0 Axes
 - Level 20.0 Ranged Weapons
 - Level 10.0 Armour
 - Level 15.0 Dodging
 - Level 0.7 Stealth
 - Level 15.0 Shields
 - Level 10.0 Invocations
 - Level 10.0 Evocations
 + Level 13.4 Shapeshifting


You had 21 spell levels left.
You didn't know any spells.
Your spell library contained the following spells:

 Spells                   Type           Power      Damage    Failure   Level
 Apportation              Tloc           0%         N/A       52%         1
 Sandblast                Erth           0%         2d4       52%         1
 Shock                    Conj/Air       0%         1d3       52%         1
 Summon Small Mammal      Summ           0%         N/A       52%         1
 Ensorcelled Hibernation  Hex/Ice        0%         N/A       65%         2
 Jinxbite                 Hex            0%         N/A       65%         2
 Call Canine Familiar     Summ           0%         N/A       87%         3
 Passwall                 Erth           0%         N/A       87%         3
 Stone Arrow              Conj/Erth      0%         3d7       87%         3
 Summon Ice Beast         Ice/Summ       0%         N/A       87%         3
 Swiftness                Air            0%         N/A       87%         3
 Airstrike                Air            0%         2d(0-16)  99%         4
 Brom's Barrelling Bould  Conj/Erth      0%         2d3       99%         4
 Passage of Golubria      Tloc           0%         N/A       99%         4
 Summon Blazeheart Golem  Fire/Summ      0%         N/A       99%         4
 Alistair's Intoxication  Alch           0%         N/A       100%        5
 Silence                  Hex/Air        0%         N/A       100%        5
 Summon Mana Viper        Hex/Summ       0%         N/A       100%        5
 Sculpt Simulacrum        Ice/Alch       0%         N/A       100%        6
 Malign Gateway           Summ/Tloc      0%         N/A       100%        7
 Monstrous Menagerie      Summ           0%         N/A       100%        7
 Ozocubu's Refrigeration  Ice            0%         4d7       100%        7
 Lehudib's Crystal Spear  Conj/Erth      0%         10d2      100%        8
 Summon Horrible Things   Summ           0%         N/A       100%        8
 Polar Vortex             Ice            0%         N/A       100%        9

Inventory:

Hand Weapons
 g - a +3 hand cannon of flaming
   (You acquired it on level 1 of the Depths)
 B - a +2 broad axe of freezing {axe}
   (You took it off a white draconian in an ice cave)
 X - the +10 morningstar "Eos" {elec, Halo rElec, mace}
   (You took it off an ironbound preserver on level 4 of the Vaults)

   Halo:      It grants its wielder a halo, revealing invisible creatures and
   increasing accuracy against all within it other than the wielder.
   rElec:     It insulates you from electricity.
 Z - the +7 broad axe of Experimentation (weapon) {protect, SInv, axe}
   (You bought it in a shop on level 1 of the Orcish Mines)

   SInv:      It lets you see invisible.
Armour
 q - the +1 cloak of Starlight (worn) {*Dazzle EV+4 Stlth--}
   (Okawaru gifted it to you on level 5 of the Lair of Beasts)

   *Dazzle:   It may blind those who miss an attack against the wearer in melee
   combat.
   EV+4:      It affects your evasion (+4).
   Stlth--:   It makes you much less stealthy.
 D - a +2 hat of intelligence (worn)
   (You took it off Gastronok on level 2 of the Lair of Beasts)
 I - the +0 pair of boots of Sitwor (melded) {rPois Int+3 Dex-2 Slay+4}
   (You found it in a Gauntlet)

   Int+3:     It affects your intelligence (+3).
   Dex-2:     It affects your dexterity (-2).
   Slay+4:    It affects your accuracy & damage with ranged weapons and melee
   (+4).
   rPois:     It protects you from poison
 K - a +2 kite shield of protection (worn)
   (You took it off a tengu warrior on level 2 of the Depths)
 R - the +3 pair of gauntlets of War (melded) {Slay+5}
   (You found it on level 4 of the Snake Pit)

   Slay+5:    It affects your accuracy & damage with ranged weapons and melee
   (+5).
 Y - the +5 plate armour of the Frog (melded) {+Blink rElec Stlth+}
   (You found it on level 5 of the Vaults)

   rElec:     It insulates you from electricity.
   +Blink:    It lets you blink.
   Stlth+:    It makes you more stealthy.
Jewellery
 j - the amulet of the Trilobite (around neck) {Reflect +Blink rC+ SH+5}
   (You found it in a Gauntlet)

   [amulet of reflection]

   Reflect:   It reflects blocked missile attacks.
   rC+:       It protects you from cold.
   +Blink:    It lets you blink.
   SH+5:      It affects your SH (+5).
 o - a ring of protection from fire
   (You found it on level 5 of the Vaults)
 r - a ring of protection from cold
   (You found it on level 4 of the Shoals)
 A - a ring of flight
   (You found it in a sewer)
 C - the ring "Loser" (left fist) {Str+3 SInv}
   (You found it on level 2 of the Lair of Beasts)

   [ring of see invisible]

   Str+3:     It affects your strength (+3).
   SInv:      It lets you see invisible.
 M - a ring of willpower (right fist)
   (You found it on level 15 of the Dungeon)
 V - the ring "Ivijif" {Ice rElec Will+ Int-4 SInv}
   (You found it on level 5 of the Pits of Slime)

   [ring of ice]

   Ice:       It enhances your ice magic.
   Int-4:     It affects your intelligence (-4).
   rF-:       It makes you vulnerable to fire.
   rC+:       It protects you from cold.
   rElec:     It insulates you from electricity.
   Will+:     It increases your willpower.
   SInv:      It lets you see invisible.
 W - a ring of resist corrosion
   (You found it on level 14 of the Dungeon)
Talismans
 H - a talisman of death
   (You found it on level 5 of the Pits of Slime)
 T - a granite talisman (active)
   (You took it off Roxanne on level 1 of the Shoals)
Wands
 t - a wand of mindburst (8)
   (You found it on level 4 of the Vaults)
 x - a wand of paralysis (8)
   (You found it on level 7 of the Dungeon)
 y - a wand of digging (2)
   (You found it on level 4 of the Shoals)
 E - a wand of flame (41)
   (You found it on level 2 of the Lair of Beasts)
 N - a wand of acid (10)
   (You found it on level 11 of the Dungeon)
Scrolls
 a - a scroll of blinking {!r}
 b - 5 scrolls of enchant armour
 d - 4 scrolls of fear
 f - 2 scrolls of poison {!r}
 k - a scroll of fog
 p - 6 scrolls of identify {@r1}
 u - 2 scrolls of amnesia
 v - 2 scrolls of enchant weapon
 z - 4 scrolls of brand weapon
 G - 5 scrolls of teleportation {@r4}
 L - a scroll of immolation {!r!r}
 O - 2 scrolls of revelation
Potions
 c - 4 potions of mutation {!q}
 h - 4 potions of magic
 i - a potion of attraction {!q}
 l - 4 potions of might
 m - a potion of ambrosia
 n - 2 potions of haste {@q3}
 s - 5 potions of curing {@q1}
 w - a potion of enlightenment
 F - a potion of berserk rage {!q}
 J - a potion of invisibility
Miscellaneous
 P - a phial of floods
   (You found it on level 4 of the Shoals)
 Q - a tin of tremorstones (inert) {throwing}
   (You found it on level 11 of the Dungeon)
 S - a box of beasts
   (You found it in an ice cave)

Dungeon Overview and Level Annotations

Branches:
Dungeon (15/15) Zot: 25020  Temple (1/1) D:5 Zot: 5933    Lair (5/5) D:8 Zot: 25496
 Shoals (4/4) Lair:3 Zot: 22597   Snake (4/4) Lair:2 Zot: 22028   Slime (5/5) Lair:4 Zot: 26746
    Orc (2/2) D:11 Zot: 10748     Elf (3/3) Orc:2 Zot: 17043  Vaults (5/5) D:14 Zot: 25988
  Crypt (0/3) Vaults:2     Depths (2/4) D:15 Zot: 11648   Sewer (visited)
 Bailey (visited)           IceCv (visited)         Gauntlet (visited)

Altars:
Cheibriados
Dithmenos
Elyvilon
Fedhas
Kikubaaqudgha
Makhleb
Nemelex Xobeh
Okawaru
Qazlal
Ru
Sif Muna
Trog
Uskayaw
Vehumet
Xom
Yredelemnul
Zin
The Shining One

Shops:
D:2 (   D:12 (   Orc:1 (   Orc:2 ?((![[   Elf:1 ?   Shoals:1 =   Shoals:3 **

Portals:
Pandemonium: Depths:2
Trove: Elf:3 (give +4 fire dragon scales)

Annotations:
Lair:3 exclusion: ice statue, Solx's ghost, adept HuHu
Lair:5 exclusion: 2 oklob plants
Vaults:1 36 runed translucent doors

..............
...............
...............
..............
........3...#
............#
........3...#
.......3.62.#########.#
.......2231.2ยง638ยงยง...#
#######################


You could see a demonspawn black sun (summoned) and a sun demon (summoned).


Message History

Your weapon exudes an aura of protection.
You kill the sun demon!
Makhleb accepts your kill.
You feel better. ๐Ÿ˜ฎ HP[+9]
You regained 9 hp, and now have 107/206 hp.
You hit the sun demon but do no damage.
You headbutt the sun demon, but do no damage.
The balrug gestures at you. The bolt of fire misses you.
You block the sun demon's attack.
The shadow demon gestures.
You hit the sun demon.
The sun demon hits you but does no damage.
The demonspawn black sun barely misses you.
The balrug gestures at you. The bolt of fire hits you!!!
* * * LOW HITPOINT WARNING * * *
๐Ÿ˜จ HP[-37]
You take 37 damage, and now have 70/206 hp.
You miss the sun demon. Your headbutt misses the sun demon.
You slice the balrug!! You block the sun demon's attack.
The Executioner gestures.
The Executioner seems to speed up.
The balrug gestures at you.
You block the pyre arrow... and reflect it back!
The pyre arrow hits the balrug.
The sun demon completely misses you.
You block the demonspawn black sun's attack.
You slash the sun demon! Your headbutt misses the sun demon.
You slice the balrug!! The balrug hits you but does no damage.
The shadow demon gestures.
The demonspawn black sun hits you but does no damage. ๐Ÿ˜จ HP[+1]
You hit the Executioner. Your headbutt misses the Executioner.
You slice the balrug!! You hit the sun demon.
You block the Executioner's attack. x2; The Executioner completely misses you.
You block the Executioner's attack. The Executioner closely misses you.
The Executioner hits you.
* * * LOW HITPOINT WARNING * * *
The Executioner completely misses you. You furiously retaliate!
You headbutt the Executioner!
The Executioner is temporarily struck blind!
The Executioner hits you but does no damage. x2
The balrug gestures at you. Something smites you!
* * * LOW HITPOINT WARNING * * *
The sun demon completely misses you.
The sun demon is blinded by the light from your cloak!
The demonspawn black sun hits you from afar with a +0 glaive!
* * * LOW HITPOINT WARNING * * *
The Executioner closely misses you. You furiously retaliate!
You headbutt the Executioner!
The Executioner is temporarily struck blind!
The Executioner closely misses you. The Executioner completely misses you.
The balrug shakes off the sticky flame as it moves.
The sun demon barely misses you. ๐Ÿ˜ฑ HP[-33]
You take 33 damage, and now have 38/206 hp.
Blink to where?
Press: ? - help, Dir - move target
As you read the scroll of blinking {!r}, it crumbles to dust.
As you read the scroll of fog, it dissolves into smoke. ๐Ÿ˜ฑ HP[+1]
You slice the Executioner!! The Executioner misses you.
The Executioner is blinded by the light from your cloak!
The Executioner hits you but does no damage.
The Executioner completely misses you. x2; You furiously retaliate!
You headbutt the Executioner!!
You kill the Executioner!
The Executioner dissolves into shadows! ๐Ÿ˜ฑ HP[+1]
Okay, then.
You are confused.
You feel invigorated.
The sun demon closely misses you. ๐Ÿ˜ฑ HP[+6]
You regained 6 hp, and now have 46/206 hp.
You bump into the wall of the weird stuff which makes up Pandemonium.
The sun demon hits you.
* * * LOW HITPOINT WARNING * * *
You are engulfed in flames!!
* * * LOW HITPOINT WARNING * * *
The balrug gestures at you. Something smites you!
* * * LOW HITPOINT WARNING * * *
The sun demon completely misses you.
Unknown command. ๐Ÿ˜ฑ HP[-30]
You take 30 damage, and now have 16/206 hp.
The sun demon attacks as it pursues you!
The sun demon completely misses you. ๐Ÿ˜ฑ HP[+7]
You regained 7 hp, and now have 23/206 hp.
Unknown command.
You slice the sun demon!!
Your weapon exudes an aura of protection.
The sun demon hits you.
* * * LOW HITPOINT WARNING * * *
You are engulfed in flames!
* * * LOW HITPOINT WARNING * * *
The demonspawn black sun hits you from afar with a +0 glaive!
You die...

Skill      XL: |  1  2  3  4  5  6  7  8  9 10 11 12 13 14 15 16 17 18 19 20 21 22 |
---------------+-------------------------------------------------------------------+-----
Ranged Weapons | 5 6 7 8 9 11 12 16 18 20 | 20.0
Fighting       | 7 12 13 14 18 21 | 21.6
Dodging        | 4 8 14 15 | 15.0
Invocations    | 6 10 | 10.0
Armour         | 3 4 10 | 10.0
Evocations     | 10 | 10.0
Axes           | 1 15 18 | 18.0
Shields        | 11 15 | 15.0
Shapeshifting  | 7 12 13 | 13.4
Stealth        | |  0.7

Action                     |  1- 3 |  4- 6 |  7- 9 | 10-12 | 13-15 | 16-18 | 19-21 | 22-24 || total
---------------------------+-------+-------+-------+-------+-------+-------+-------+-------++-------
  Melee: Broad axe         |       |       |       |       |       |       |  1085 |   118 ||  1203
         Headbutt          |       |       |       |       |       |       |   402 |    34 ||   436
   Fire: Shortbow          |   130 |   153 |   221 |       |       |       |       |       ||   504
         Orcbow            |       |       |   148 |    44 |       |       |       |       ||   192
         Arbalest          |       |       |       |   420 |   243 |       |       |       ||   663
         Longbow           |       |       |       |       |   381 |  1383 |   169 |       ||  1933
 Invoke: Heroism           |       |       |       |     7 |     3 |    15 |     2 |       ||    27
         Finesse           |       |       |       |     3 |     7 |    15 |     3 |       ||    28
         Receive Weapon    |       |       |       |       |     1 |       |       |       ||     1
         Receive Armour    |       |       |       |       |     1 |       |       |       ||     1
         Greater Servant o |       |       |       |       |       |       |     2 |       ||     2
  Evoke: Wand              |       |       |       |     1 |       |       |    16 |     2 ||    19
         Tin of tremorston |       |       |       |       |       |       |     6 |       ||     6
         Box of beasts     |       |       |       |       |       |       |     2 |       ||     2
    Use: Scroll            |       |     2 |    11 |     8 |     7 |     7 |    12 |     6 ||    53
         Potion            |       |     2 |     1 |     3 |     4 |     2 |    13 |     4 ||    29
   Stab: Invisible         |       |       |       |       |       |       |    17 |       ||    17
         Paralysed         |       |       |       |       |       |       |     2 |       ||     2
         Distracted        |       |       |       |       |       |       |     2 |       ||     2
 Armour: Leather armour    |    47 |    43 |   114 |       |       |       |       |       ||   204
         Skin              |       |    13 |       |       |       |       |       |    36 ||    49
         Steam dragon scal |       |       |    44 |   190 |     6 |       |       |       ||   240
         Troll leather arm |       |       |       |       |   154 |   194 |   293 |       ||   641
         Plate armour      |       |       |       |       |       |       |   192 |    25 ||   217
  Dodge: Dodged            |    53 |    30 |   118 |   141 |   187 |   343 |   435 |    74 ||  1381
  Block: Other             |       |       |       |       |    25 |    64 |     1 |       ||    90
         Reflection        |       |       |       |       |     3 |    16 |    67 |     6 ||    92
         Kite shield       |       |       |       |       |       |       |   876 |   118 ||   994
   Form: Statue            |       |       |       |       |       |       |       |     1 ||     1

Levels and vault maps discovered:
D:1:      lemuel_arrival_muddy, layout_basic, minmay_heptomino_w4
D:2:      layout_basic, serial_shops, nicolae_shop_tiny_glass,
          hellmonk_ecumenical_altar_arch_garden, basic_altar,
          chequers_serial_rivers_large_a, minmay_crystal_room,
          uniq_crazy_yiuf_cottage
D:3:      layout_rooms, palyth_temple_overflow_mages,
          nicolae_dithmenos_the_darkroom, uniq_natasha
D:4:      layout_loops_ring, mainiacjoe_overflow_alcove_3, uniq_grinder,
          uniq_sigmund
D:5:      layout_rooms, minmay_temple_entry_gardened_gates,
          ebering_ghost_rock_garden, chequers_avenue
D:6:      layout_cave_pools, serial_park, serial_park_square3
          [serial_park_minivault_5x5_5], serial_park_square2, serial_park_gazebo
          [serial_park_minivault_5x5_4],
          mainiacjoe_sewer_entry_somewhere_in_here_2, serial_shops, shop,
          nrook_pool_corridor
D:7:      layout_loops_corners
D:8:      layout_loops_corners, david_lair_generic, enter_bailey_3,
          kennysheep_kite_vault
D:9:      layout_gridville, old_standard_altar, nicolae_uskayaw_en_pointe
D:10:     layout_roguey, xom_butterflies, uniq_harold
D:11:     nzn_winding_woodlands_cross [nzn_winding_woodlands_5x15_eye,
          nzn_winding_woodlands_5x15_garden,
          nzn_winding_woodlands_5x15_concentric,
          nzn_winding_woodlands_5x15_parted,
          nzn_winding_woodlands_15x15_five_gardens], layout_loops_ring,
          orc_0_dummy
D:12:     layout_roguey, serial_shops, kennysheep_mini, uniq_psyche
D:13:     layout_loops_ring, serial_rivers, chequers_serial_rivers_room_a,
          chequers_serial_rivers_room_a, chequers_serial_rivers_room_a,
          chequers_serial_rivers_micro_d, chequers_serial_rivers_small_b,
          uniq_azrael, uniq_lodul, uniq_erolcha, uniq_jorgrun
D:14:     layout_basic, david_vaults_2, serial_shops,
          nicolae_shop_tiny_statue_garden, nicolae_qazlal_scattered_showers,
          uniq_frances
D:15:     hangedman_crystal_crosses_colossus [crystal_crosses_arms_four,
          crystal_crosses_arms_two, crystal_crosses_arms_one], uniq_nessos,
          uniq_josephine
Temple:   hellmonk_temple_of_storms
Lair:1:   layout_chaotic_city, ebering_ghost_xom
Lair:2:   layout_chaotic_city, nicolae_snake_entry_warm_welcome,
          gammafunk_ghost_split, hangedman_lair_unloving_vines, minmay_holes,
          uniq_gastronok
Lair:3:   layout_regular_city, nicolae_shoals_entry_roost, nzn_ghost_randoct
Lair:4:   layout_loops_ring, minmay_slime_entry_oklob_open,
          nicolae_lair_grove_arrangements, chequers_serial_rivers_room_b,
          uniq_kirke
Lair:5:   gammafunk_lair_ancient_temple, layout_cave_pods,
          gauntlet_entry_generic, st_stairs_5, disabler_island, uniq_snorg
Shoals:1: layout_shoals, nicolae_shoals_seven_spires,
          minmay_shop_enchanted_jewellery, uniq_roxanne
Shoals:2: layout_shoals, uniq_polyphemus
Shoals:3: layout_shoals, serial_shops, nicolae_shop_tiny_glass,
          nicolae_specific_store, nzn_prometheus_bound
Shoals:4: shoals_end_hangedman, layout_shoals
Snake:1:  layout_grid_shapes, uniq_nikola
Snake:2:  layout_basic, serial_shops, shop, hangedman_snake_pattern
Snake:3:  layout_gridlike, nicolae_triple_integral, grunt_megastairs_2,
          uniq_donald
Snake:4:  minmay_snake_end_coiled, layout_layer_cave,
          portal_ice_cave_entry_ice_simulacra, gammafunk_ghost_arena, uniq_agnes
Slime:1:  layout_caves
Slime:2:  layout_caves
Slime:3:  layout_caves
Slime:4:  layout_caves, nicolae_slime_getting_an_eyeful
Slime:5:  slime_pit_nicolae_royal_road_to_ruin
Orc:1:    layout_caves, serial_shops, nicolae_shop_peninsula
Orc:2:    st_orc_open, layout_caves, serial_shops, nicolae_diamond_shop, shop,
          basic_altar, mines5_lemuel
Elf:1:    elf_arrival_002, layout_gridlike, serial_shops,
          nicolae_shop_rolled_up, evilmike_minifort, hex_medium
Elf:2:    elven_hall_of_blades_hangedman_original [mumra_blade_entry_dagger],
          layout_geoelf_octagon, serial_glass, glass_columns_a, glass_columns_b,
          glass_columns_a, glass_columns_a, glass_columns_a, glass_columns_b,
          glass_columns_a, glass_columns_b, glass_columns_b, glass_columns_b,
          serial_shops, nicolae_shop_behind_doors
Elf:3:    nooodl_elf_gasket, layout_geoelf_octagon,
          nicolae_trove_entry_free_sample, basic_altar, st_stairs_7,
          minmay_misc_feat_columns
Vaults:1: not_door_vault_due, nicolae_vaults_theta, nicolae_vaults_house_2,
          ontoclasm_vaults_twist, nicolae_vaults_heart-shaped_vault,
          nicolae_vaults_storage_closets_2, nicolae_vaults_border_crossing,
          nicolae_vaults_double_plus_1, layout_vaults_omnigrid
Vaults:2: minmay_crypt_entry_simple_statues, serial_ice_h,
          hangedman_vaults_snaps, nicolae_vaults_tangram_2, v_misc_30,
          v_pattern_2, v_misc_13, nicolae_vaults_back_hallway, minmay_orc_keep,
          vaults_dpeg_ring, v_misc_11, nicolae_vaults_network_square, v_misc_23,
          vaults_room_semicircle, vaults_dpeg_emergency_exit,
          ontoclasm_vaults_ring_small, layout_vaults_maze, serial_shops,
          nicolae_shop_waterfront, uniq_norris
Vaults:3: nicolae_vaults_little_guard_posts, nicolae_vaults_hexular_roomagon,
          nicolae_vaults_three_branches, ontoclasm_vaults_hangar, v_misc_17,
          v_misc_17, v_misc_18, v_pattern_3, v_alt_pattern_6, v_misc_14,
          nicolae_vaults_tetromino_Z_2, layout_vaults_omnicross, uniq_asterion
Vaults:4: nicolae_vaults_shrinking_rooms_2, nicolae_vaults_trapezoid_lopsided_2,
          nicolae_vaults_trapezoid_layered, nicolae_vaults_shelves_hall,
          vaults_room_door_ring, vaults_standard_mumra_lines,
          nicolae_vaults_diffraction_hallways, ontoclasm_vaults_chip,
          nicolae_vaults_tetromino_L_1, layout_vaults_ring, serial_shops,
          nicolae_shop_tiny_statue_garden, uniq_boris, uniq_mennas
Vaults:5
Depths:1: layout_basic, fedhas_altar_1, abyss_entry, rand_demon_pan_entry_1,
          hell_entry, hangedman_decor_slide_cut, okawaru_trees_2
Depths:2: grunt_arcs, layout_basic, pan_entry, hangedman_decor_opposing,
          lightli_too_deep, serial_shops, shop,
          infiniplex_staircase_hallway_doors
Pan:      grunt_pan_spiral, layout_small_grid, uniq_ignacio

Notes
Turn   | Place    | Note
-------+----------+-------------------------------------------
     0 | D:1      | MackTheKnife the Minotaur Hunter began the quest for the
                  | Orb.
     0 | D:1      | Reached XP level 1. HP: 18/18 MP: 0/0
     0 | D:1      | magus.rc [v1.9.6]
   135 | D:1      | Reached XP level 2. HP: 25/25 MP: 1/1
   188 | D:1      | Reached skill level 5 in Ranged Weapons
   319 | D:2      | Reached XP level 3. HP: 17/30 MP: 2/2
   331 | D:2      | HP: 7/30 [ribbon worm (3)]
   397 | D:2      | Reached skill level 6 in Ranged Weapons
   402 | D:2      | Found Royl's Weapon Emporium.
   597 | D:2      | Found a faded altar of an unknown god.
   614 | D:2      | Found a shadowy altar of Dithmenos.
   661 | D:2      | Reached XP level 4. HP: 37/37 MP: 3/3
   669 | D:2      | You pick up a book of Callings and begin reading...
   669 | D:2      | You add the spells Summon Small Mammal, Call Canine
                  | Familiar and Summon Blazeheart Golem to your library.
   724 | D:3      | Found a shadowy altar of Dithmenos.
   726 | D:3      | Noticed Natasha
   735 | D:3      | Killed Natasha
  1062 | D:3      | Reached skill level 7 in Ranged Weapons
  1062 | D:3      | Reached XP level 5. HP: 42/42 MP: 4/4
  1100 | D:3      | Found a radiant altar of Vehumet.
  1109 | D:3      | Found an ancient bone altar of Kikubaaqudgha.
  1131 | D:3      | Found a shimmering blue altar of Sif Muna.
  1233 | D:4      | Noticed a phantom
  1246 | D:4      | Reached skill level 8 in Ranged Weapons
  1248 | D:4      | Reached XP level 6. HP: 49/50 MP: 5/5
  1584 | D:4      | Noticed Grinder
  1605 | D:4      | Killed Grinder
  1606 | D:4      | Reached skill level 9 in Ranged Weapons
  1606 | D:4      | Reached XP level 7. HP: 56/56 MP: 6/6
  1717 | D:4      | Identified the +0 ring mail "Inoaxuum" {rC+ rN+ SInv}
  1736 | D:4      | Noticed Sigmund
  1742 | D:4      | Killed Sigmund
  1743 | D:4      | Reached skill level 10 in Ranged Weapons
  1833 | D:4      | You pick up a book of Air and begin reading...
  1833 | D:4      | You add the spells Shock, Swiftness and Airstrike to your
                  | library.
  1862 | D:5      | Entered Level 5 of the Dungeon
  2268 | D:5      | Reached skill level 11 in Ranged Weapons
  2268 | D:5      | Reached XP level 8. HP: 62/62 MP: 7/7
  2312 | D:5      | Found a staircase to the Ecumenical Temple.
  2320 | Temple   | Entered the Ecumenical Temple
  2340 | Temple   | Became a worshipper of Warmaster Okawaru
  2368 | D:5      | Reached skill level 3 in Fighting
  2384 | D:5      | You pick up a book of Party Tricks and begin reading...
  2384 | D:5      | You add the spells Apportation, Jinxbite and Alistair's
                  | Intoxication to your library.
  2520 | D:6      | Reached skill level 4 in Fighting
  2537 | D:6      | Found a glowing drain.
  2541 | Sewer    | Entered a sewer
  2603 | Sewer    | Noticed Pargi
  2624 | Sewer    | Killed Pargi
  2662 | Sewer    | Reached * piety under Okawaru
  2663 | Sewer    | Reached skill level 5 in Fighting
  2791 | D:7      | Reached skill level 12 in Ranged Weapons
  2842 | D:7      | Reached skill level 6 in Fighting
  3122 | D:7      | Reached skill level 7 in Fighting
  3122 | D:7      | Reached XP level 9. HP: 39/79 MP: 8/8
  3306 | D:8      | Found a staircase to the Lair.
  3306 | D:8      | Noticed an elephant
  3316 | D:8      | Reached skill level 8 in Fighting
  3337 | D:8      | Reached ** piety under Okawaru
  3344 | D:8      | Reached skill level 9 in Fighting
  3358 | D:8      | Reached skill level 10 in Fighting
  3362 | D:8      | HP: 19/85 [elephant (12)]
  3363 | D:8      | Killed an elephant
  3363 | D:8      | Reached *** piety under Okawaru
  3368 | D:8      | HP: 20/86 [basilisk (2)]
  3374 | D:8      | HP: 20/86 [basilisk (2)]
  3377 | D:8      | Reached skill level 11 in Fighting
  3420 | D:8      | Found a flagged portal.
  3427 | Bailey   | Entered a bailey
  3779 | Bailey   | Reached **** piety under Okawaru
  3872 | Bailey   | Noticed a kobold demonologist
  3878 | Bailey   | Noticed an ice devil
  3880 | Bailey   | Killed a kobold demonologist
  3881 | Bailey   | Reached skill level 12 in Fighting
  3881 | Bailey   | Reached XP level 10. HP: 91/97 MP: 9/9
  3892 | Bailey   | Noticed an orc knight
  3908 | Bailey   | Killed an orc knight
  3926 | Bailey   | Noticed an orc knight
  3945 | Bailey   | Killed an orc knight
  3955 | Bailey   | HP: 15/100 [electric eel/bolt of electricity (13)]
  4199 | Bailey   | Acquired a +2 arbalest of flaming
  4236 | Bailey   | Found an iron altar of Okawaru.
  4322 | Bailey   | Reached skill level 13 in Ranged Weapons
  4439 | Bailey   | Acquired a manual of Ranged Weapons
  4451 | Bailey   | Identified the +3 dagger of the Pit {speed, Int+4 Dex+3}
  4507 | D:8      | Reached skill level 13 in Fighting
  4716 | D:8      | Identified the +1 glaive "Soseh" {holy, Fly rN+ Will-
                  | Dex+3}
  4729 | D:8      | Reached ***** piety under Okawaru
  4730 | D:8      | Reached skill level 14 in Ranged Weapons
  4839 | D:9      | Found a sacrificial altar of Ru.
  4954 | D:9      | Reached skill level 15 in Ranged Weapons
  4968 | D:9      | Reached skill level 16 in Ranged Weapons
  4988 | D:9      | Received a gift from Okawaru
  4989 | D:9      | Reached XP level 11. HP: 85/107 MP: 10/10
  5064 | D:9      | Noticed a +0 falchion
  5064 | D:9      | Noticed a +0 dagger
  5064 | D:9      | Noticed a +0 dagger
  5064 | D:9      | Noticed a +0 short sword
  5064 | D:9      | Noticed a +0 short sword
  5064 | D:9      | Noticed a +0 spear
  5090 | D:9      | Noticed a +0 spear
  5097 | D:9      | Found a hide-covered altar of Uskayaw.
  5106 | D:9      | Noticed a +0 falchion
  5156 | D:10     | Entered Level 10 of the Dungeon
  5277 | D:10     | Noticed Harold
  5289 | D:10     | Killed Harold
  5351 | D:10     | Reached skill level 17 in Ranged Weapons
  5514 | D:10     | Found a shimmering altar of Xom.
  5729 | Lair:1   | Entered Level 1 of the Lair of Beasts
  5752 | Lair:1   | Reached skill level 18 in Ranged Weapons
  6013 | Lair:1   | You fall into a shaft and drop 1 floor!
  6013 | Lair:2   | Noticed Gastronok
  6013 | Lair:2   | Found a runed translucent gate.
  6013 | Lair:2   | Found a runed translucent gate.
  6013 | Lair:2   | Found a runed translucent gate.
  6020 | Lair:2   | Noticed Dahi's ghost (journeyman AtMo)
  6026 | Lair:2   | Killed Gastronok
  6026 | Lair:2   | Received a gift from Okawaru
  6027 | Lair:2   | Reached skill level 3 in Dodging
  6049 | Lair:2   | Reached skill level 4 in Dodging
  6086 | Lair:2   | Noticed a death yak
  6091 | Lair:2   | Noticed a death yak
  6093 | Lair:2   | Noticed a death yak
  6094 | Lair:2   | Reached skill level 1 in Invocations
  6096 | Lair:2   | Reached skill level 2 in Invocations
  6097 | Lair:2   | Noticed a death yak
  6101 | Lair:2   | Noticed a death yak
  6103 | Lair:2   | Killed a death yak
  6104 | Lair:2   | Reached skill level 3 in Invocations
  6105 | Lair:2   | Noticed a death yak
  6107 | Lair:2   | Reached skill level 4 in Invocations
  6107 | Lair:2   | Noticed a death yak
  6108 | Lair:2   | Noticed a death yak
  6108 | Lair:2   | Noticed a skyshark
  6178 | Lair:2   | Received a gift from Okawaru
  6179 | Lair:2   | Reached skill level 5 in Invocations
  6237 | Lair:2   | Killed a skyshark
  6238 | Lair:2   | Reached skill level 6 in Invocations
  6361 | Lair:2   | Reached XP level 12. HP: 116/116 MP: 15/15
  6591 | Lair:2   | Received a gift from Okawaru
  6596 | Lair:2   | Killed a death yak
  6597 | Lair:2   | Reached skill level 5 in Dodging
  6603 | Lair:2   | Noticed a death yak
  6605 | Lair:2   | Killed a death yak
  6610 | Lair:2   | Killed a death yak
  6611 | Lair:2   | Reached skill level 14 in Fighting
  6627 | Lair:2   | Killed a death yak
  6628 | Lair:2   | Reached skill level 6 in Dodging
  6632 | Lair:2   | Gained mutation: You are frail. (-10% HP) [potion of
                  | mutation]
  6632 | Lair:2   | Lost mutation: You are frail. (-10% HP) [potion of
                  | mutation]
  6632 | Lair:2   | Gained mutation: You expend magic power (3 MP) to
                  | strengthen your wands. [potion of mutation]
  6639 | Lair:2   | Killed a death yak
  6644 | Lair:2   | Killed a death yak
  6654 | Lair:2   | Received a gift from Okawaru
  6660 | Lair:2   | Killed a death yak
  6661 | Lair:2   | Reached skill level 7 in Dodging
  6668 | Lair:2   | Killed a death yak
  6669 | Lair:2   | Reached skill level 19 in Ranged Weapons
  6796 | Lair:2   | Found a staircase to the Snake Pit.
  6913 | Lair:3   | Noticed Solx's ghost (adept HuHu)
  6972 | Lair:4   | Reached skill level 8 in Dodging
  7045 | Lair:5   | Entered Level 5 of the Lair of Beasts
  7089 | Lair:5   | Received a gift from Okawaru
  7110 | Lair:5   | Found a gate leading to a gauntlet.
  7138 | Lair:5   | Reached skill level 20 in Ranged Weapons
  7149 | Gauntlet | Entered a Gauntlet
  7149 | Gauntlet | Found a transporter.
  7264 | Gauntlet | Found a transporter.
  7276 | Gauntlet | Found a transporter.
  7280 | Gauntlet | Found a transporter.
  7298 | Gauntlet | Found a transporter.
  7300 | Gauntlet | Found the amulet of the Air {Inacc Air Fly rElec RMsl}
  7311 | Gauntlet | Found a transporter.
  7313 | Gauntlet | Noticed a green death
  7319 | Gauntlet | Found a transporter.
  7322 | Gauntlet | Found a transporter.
  7337 | Gauntlet | Noticed a ghost crab
  7341 | Gauntlet | Found a transporter.
  7611 | Gauntlet | Identified the +0 pair of boots of Sitwor {rPois Int+3
                  | Dex-2 Slay+4}
  7629 | Gauntlet | You pick up a book of Beasts and begin reading...
  7642 | Gauntlet | Killed a green death
  7643 | Gauntlet | Reached XP level 13. HP: 125/125 MP: 16/16
  7646 | Gauntlet | Identified the amulet of the Trilobite {Reflect +Blink rC+
                  | SH+5}
  7676 | Gauntlet | Identified the +6 sling of Undoing {drain, ^Contam rF-
                  | rC+++ rCorr}
  7676 | Gauntlet | Identified the amulet of Perysior {Acrobat Dex+2}
  7676 | Gauntlet | Noticed a minotaur
  7676 | Gauntlet | a minotaur comes into view. It is wielding the +6 sling of
                  | Undoing {drain, ^Contam rF- rC+++ rCorr}, wearing the +5
                  | moon troll leather armour {Spirit, Regen++ MP+5} and
                  | wearing the amulet of Perysior {Acrobat Dex+2}.
  7689 | Gauntlet | Killed a minotaur
  7689 | Gauntlet | Received a gift from Okawaru
  7695 | Gauntlet | You pick up a book of Geomancy and begin reading...
  7695 | Gauntlet | You add the spells Sandblast, Passwall, Stone Arrow and
                  | Brom's Barrelling Boulder to your library.
  7695 | Gauntlet | You pick up a book of Burglary and begin reading...
  7795 | Lair:5   | Reached skill level 15 in Fighting
  7887 | Lair:5   | HP: 12/127 [oklob plant/splash of acid (26)]
  7912 | Lair:5   | Noticed Snorg
  7949 | Lair:5   | Killed Snorg
  8043 | Lair:5   | Received a gift from Okawaru
  8044 | Lair:5   | Reached skill level 16 in Fighting
  8105 | Lair:5   | Reached skill level 17 in Fighting
  8110 | Lair:5   | You pick up a book of the Moon and begin reading...
  8110 | Lair:5   | You add the spells Passage of Golubria, Silence and
                  | Lehudib's Crystal Spear to your library.
  8112 | Lair:5   | Got an earthy gem with 1974 turns to spare
  8114 | Lair:5   | Identified the amulet of the Crafting Gods {Faith rCorr
                  | MP+9 SInv}
  8147 | Lair:5   | Received a gift from Okawaru
  8271 | Lair:5   | Reached skill level 18 in Fighting
  8303 | Lair:5   | Reached ****** piety under Okawaru
  8303 | Lair:5   | Received a gift from Okawaru
  8308 | Lair:5   | You pick up a book of Ice and begin reading...
  8308 | Lair:5   | You add the spells Ozocubu's Refrigeration and Polar Vortex
                  | to your library.
  8328 | Lair:5   | Acquired the +1 cloak of Starlight {*Dazzle EV+4 Stlth--}
  8328 | Lair:5   | Received a gift from Okawaru
  8328 | Lair:5   | Found the +1 cloak of Starlight {*Dazzle EV+4 Stlth--}
  8340 | Lair:5   | Acquired a +8 longbow of flaming
  8340 | Lair:5   | Received a gift from Okawaru
  8399 | Lair:4   | Reached XP level 14. HP: 144/144 MP: 15/17
  8409 | Lair:4   | Noticed Kirke
  8430 | Lair:4   | Reached skill level 19 in Fighting
  8432 | Lair:4   | Killed Kirke
  8455 | Lair:4   | Received a gift from Okawaru
  8924 | D:11     | You fall into a shaft and drop 1 floor!
  9105 | D:12     | Reached skill level 20 in Fighting
  9234 | D:12     | Noticed Psyche
  9236 | D:12     | Killed Psyche
  9457 | D:12     | Found Wahoxiuf's Antique Weapon Emporium.
  9460 | D:12     | Bought an iridescent triple crossbow for 540 gold pieces
  9460 | D:12     | Identified the +5 triple crossbow of Edonym Qiot {flame,
                  | rF+ rCorr Dex-3} (You bought it in a shop on level 12 of
                  | the Dungeon)
  9591 | D:11     | Found a staircase to the Orcish Mines.
  9617 | Orc:1    | Entered Level 1 of the Orcish Mines
  9663 | Orc:1    | Found Ygut's Antique Weapon Shoppe.
 10089 | Orc:2    | Entered Level 2 of the Orcish Mines
 10089 | Orc:2    | Found Ifonakk's Magic Scroll Boutique.
 10101 | Orc:2    | Bought a scroll of revelation for 127 gold pieces
 10101 | Orc:2    | Bought a scroll of enchant armour for 127 gold pieces
 10189 | Orc:2    | Found Vam Zus's Weapon Shop.
 10208 | Orc:2    | Reached skill level 7 in Invocations
 10228 | Orc:2    | Reached skill level 8 in Invocations
 10257 | Orc:2    | Reached skill level 9 in Invocations
 10352 | Orc:2    | Received a gift from Okawaru
 10368 | Orc:2    | Found Acaker's Armour Emporium.
 10376 | Orc:2    | Found Feneroon's Antique Weapon Boutique.
 10377 | Orc:2    | Found Zunnyotz's Distillery.
 10475 | Orc:2    | Found a staircase to the Elven Halls.
 10488 | Orc:2    | Found Ydghinwamp's Armour Emporium.
 10754 | Orc:2    | Reached skill level 10 in Invocations
 10818 | Orc:2    | Bought a potion of experience for 700 gold pieces
 10818 | Orc:2    | Reached skill level 21 in Fighting
 10818 | Orc:2    | Reached skill level 3 in Armour
 10818 | Orc:2    | Reached XP level 15. HP: 158/158 MP: 21/21
 10887 | D:13     | Noticed Azrael
 10939 | D:13     | Noticed Lodul
 10943 | D:13     | Killed Lodul
 10944 | D:13     | Reached skill level 4 in Armour
 10944 | D:13     | Reached XP level 16. HP: 167/167 MP: 20/22
 10952 | D:13     | Noticed Erolcha
 10952 | D:13     | Killed Azrael
 10953 | D:13     | Reached skill level 9 in Dodging
 10955 | D:13     | Killed Erolcha
 10977 | D:13     | Reached skill level 5 in Armour
 11094 | D:15     | Entered Level 15 of the Dungeon
 11163 | D:15     | Received a gift from Okawaru
 11164 | D:15     | Reached skill level 6 in Armour
 11226 | D:15     | Reached skill level 10 in Dodging
 11295 | D:15     | Reached skill level 7 in Armour
 11356 | D:15     | Noticed Josephine
 11359 | D:15     | Reached skill level 8 in Armour
 11360 | D:15     | Killed Josephine
 11369 | D:15     | Reached skill level 11 in Dodging
 11406 | D:15     | Found a staircase to the Depths.
 11412 | D:15     | Identified the staff of Youthful Indiscretion {rElec rN+
                  | rCorr Dex+5 Air}
 11416 | D:15     | Got a smoky gem with 2953 turns to spare
 11558 | D:13     | Received a gift from Okawaru
 11676 | D:11     | Reached skill level 9 in Armour
 11861 | Snake:1  | Entered Level 1 of the Snake Pit
 11873 | Snake:1  | magus.rc [v1.9.6]
 12072 | Snake:1  | Reached skill level 12 in Dodging
 12074 | Snake:1  | Reached skill level 10 in Armour
 12233 | Snake:2  | Received a gift from Okawaru
 12234 | Snake:2  | Reached skill level 13 in Dodging
 12352 | Snake:3  | Reached skill level 14 in Dodging
 12380 | Snake:4  | Entered Level 4 of the Snake Pit
 12380 | Snake:4  | Found the +3 pair of gauntlets of War {Slay+5}
 12387 | Snake:4  | Noticed Sagen's ghost (adept DrCj)
 12388 | Snake:4  | Found a transporter.
 12396 | Snake:4  | Found a transporter.
 12410 | Snake:4  | Reached XP level 17. HP: 173/173 MP: 21/23
 12434 | Snake:4  | Killed Sagen's ghost
 12486 | Snake:4  | Found a frozen archway.
 12520 | Snake:4  | Noticed Agnes
 12537 | Snake:4  | Killed Agnes
 12538 | Snake:4  | Reached skill level 15 in Dodging
 12549 | IceCv    | Entered an ice cave
 12717 | IceCv    | Identified the +8 ice dragon scales of the Devil's Advocate
                  | {Harm Rampage rF- rC++ Dex-3}
 12753 | IceCv    | Received a gift from Okawaru
 12759 | IceCv    | Reached skill level 1 in Evocations
 12781 | IceCv    | Reached skill level 2 in Evocations
 12969 | IceCv    | Reached skill level 3 in Evocations
 13003 | IceCv    | Reached skill level 4 in Evocations
 13045 | IceCv    | Reached skill level 5 in Evocations
 13076 | IceCv    | You pick up a book of Ice and begin reading...
 13548 | Snake:4  | Received a gift from Okawaru
 13549 | Snake:4  | Reached skill level 6 in Evocations
 13611 | Snake:4  | Reached skill level 7 in Evocations
 13675 | Snake:4  | Got a jade gem with 1547 turns to spare
 13675 | Snake:4  | Got a serpentine rune of Zot
 13790 | Snake:4  | Reached skill level 8 in Evocations
 14293 | Snake:4  | Received a gift from Okawaru
 14661 | Snake:3  | Reached skill level 9 in Evocations
 14866 | Lair:2   | Killed Dahi's ghost
 14883 | Lair:2   | Identified the ring "Loser" {Str+3 SInv}
 14963 | Lair:3   | Found a staircase to the Shoals.
 14981 | Shoals:1 | Entered Level 1 of the Shoals
 14981 | Shoals:1 | Noticed Roxanne
 14997 | Shoals:1 | Killed Roxanne
 15017 | Shoals:1 | Found Ginen's Jewellery Shoppe.
 15071 | Shoals:2 | Reached skill level 10 in Evocations
 15098 | Shoals:2 | Reached skill level 1 in Axes
 15098 | Shoals:2 | Reached XP level 18. HP: 180/183 MP: 24/24
 15129 | Shoals:3 | Reached skill level 2 in Axes
 15136 | Shoals:3 | Reached skill level 3 in Axes
 15172 | Shoals:3 | Reached skill level 4 in Axes
 15196 | Shoals:3 | Reached skill level 5 in Axes
 15252 | Shoals:3 | Found Moogytremur's Specific Store.
 15255 | Shoals:3 | Found Toravis's General Store.
 15261 | Shoals:3 | Received a gift from Okawaru
 15263 | Shoals:3 | Reached skill level 6 in Axes
 15287 | Shoals:3 | Bought a scroll of enchant weapon for 105 gold pieces
 15287 | Shoals:3 | Bought a scroll of enchant armour for 105 gold pieces
 15362 | Shoals:4 | Entered Level 4 of the Shoals
 15409 | Shoals:4 | Reached skill level 7 in Axes
 15517 | Shoals:4 | Reached skill level 8 in Axes
 15626 | Shoals:4 | Identified the amulet "Futru" {Reflect Int+3 SH+5}
 15665 | Shoals:4 | Reached skill level 9 in Axes
 15753 | Shoals:4 | Reached skill level 10 in Axes
 15781 | Shoals:4 | Got an azure gem with 1090 turns to spare
 15781 | Shoals:4 | Got a barnacled rune of Zot
 15909 | Shoals:4 | Identified the +2 leather armour of the World {rElec}
 16078 | Shoals:4 | Reached skill level 11 in Axes
 16351 | Shoals:3 | Reached skill level 12 in Axes
 16461 | Shoals:3 | Reached skill level 13 in Axes
 16745 | Orc:1    | Bought a translucent broad axe for 288 gold pieces
 16745 | Orc:1    | Identified the +7 broad axe of Experimentation {protect,
                  | SInv} (You bought it in a shop on level 1 of the Orcish
                  | Mines)
 16770 | Elf:1    | Entered Level 1 of the Elven Halls
 17012 | Elf:1    | Found Uvog's Magic Scroll Shoppe.
 17015 | Elf:1    | Bought a scroll of teleportation for 54 gold pieces
 17142 | Elf:1    | Identified the +8 dagger "Iciefif" {spect, rC+}
 17148 | Elf:1    | Reached skill level 14 in Axes
 17242 | Elf:3    | Entered Level 3 of the Elven Halls
 17244 | Elf:3    | Reached skill level 15 in Axes
 17251 | Elf:3    | Found a portal to a secret trove of treasure.
 17336 | Elf:3    | Reached XP level 19. HP: 191/191 MP: 23/25
 17359 | Elf:3    | Received a gift from Okawaru
 17394 | Elf:3    | Reached skill level 16 in Axes
 17485 | Elf:3    | Reached skill level 17 in Axes
 17577 | Elf:3    | Received a gift from Okawaru
 17601 | Elf:3    | Got a shimmering gem with 1111 turns to spare
 17616 | Elf:3    | Identified the +4 battleaxe of the Endless March {drain,
                  | rF+ rN+}
 17873 | Orc:2    | magus.rc [v1.9.6]
 18113 | D:14     | Reached skill level 18 in Axes
 18116 | D:14     | Reached skill level 1 in Shields
 18119 | D:14     | Found a gate to the Vaults.
 18156 | D:14     | Reached skill level 2 in Shields
 18473 | Temple   | Fell from the grace of Okawaru
 18473 | Temple   | Became a worshipper of Makhleb the Destroyer
 18814 | Vaults:1 | Entered Level 1 of the Vaults
 18817 | Vaults:1 | Found a huge runed translucent gate.
 18817 | Vaults:1 | Found a huge runed translucent gate.
 18817 | Vaults:1 | Found a huge runed translucent gate.
 18817 | Vaults:1 | Found a huge runed translucent gate.
 18817 | Vaults:1 | Found a huge runed translucent gate.
 18817 | Vaults:1 | Found a huge runed translucent gate.
 18817 | Vaults:1 | Found a huge runed translucent gate.
 18818 | Vaults:1 | Found a huge runed translucent gate.
 18818 | Vaults:1 | Found a huge runed translucent gate.
 18818 | Vaults:1 | Found a huge runed translucent gate.
 18818 | Vaults:1 | Found a huge runed translucent gate.
 18818 | Vaults:1 | Found a huge runed translucent gate.
 18818 | Vaults:1 | Found a huge runed translucent gate.
 18820 | Vaults:1 | Found a huge runed translucent gate.
 18821 | Vaults:1 | Found a huge runed translucent gate.
 18821 | Vaults:1 | Found a huge runed translucent gate.
 18822 | Vaults:1 | Found a huge runed translucent gate.
 18823 | Vaults:1 | Found a huge runed translucent gate.
 18824 | Vaults:1 | Found a huge runed translucent gate.
 18825 | Vaults:1 | Found a huge runed translucent gate.
 18825 | Vaults:1 | Found a huge runed translucent gate.
 18830 | Vaults:1 | Found a huge runed translucent gate.
 18831 | Vaults:1 | Found a huge runed translucent gate.
 18831 | Vaults:1 | Found a huge runed translucent gate.
 18831 | Vaults:1 | Found a huge runed translucent gate.
 18831 | Vaults:1 | Found a huge runed translucent gate.
 18835 | Vaults:1 | Found a huge runed translucent gate.
 18836 | Vaults:1 | Found a huge runed translucent gate.
 18837 | Vaults:1 | Found a huge runed translucent gate.
 18837 | Vaults:1 | Found a huge runed translucent gate.
 18845 | Vaults:1 | Reached skill level 3 in Shields
 18847 | Vaults:1 | Found a huge runed translucent gate.
 18848 | Vaults:1 | Found a huge runed translucent gate.
 18848 | Vaults:1 | Found a huge runed translucent gate.
 18848 | Vaults:1 | Found a huge runed translucent gate.
 18848 | Vaults:1 | Found a huge runed translucent gate.
 18855 | Vaults:1 | Found a huge runed translucent gate.
 18891 | Vaults:1 | Reached skill level 4 in Shields
 18975 | Vaults:2 | Found a staircase to the Crypt.
 19000 | Vaults:2 | Reached skill level 5 in Shields
 19064 | Vaults:3 | Reached skill level 6 in Shields
 19085 | Vaults:3 | Reached * piety under Makhleb
 19134 | Vaults:3 | Reached skill level 7 in Shields
 19151 | Vaults:3 | Reached skill level 8 in Shields
 19335 | Vaults:3 | Reached skill level 9 in Shields
 19435 | Vaults:3 | Reached ** piety under Makhleb
 19470 | Vaults:3 | Reached skill level 10 in Shields
 19530 | Vaults:3 | Reached skill level 11 in Shields
 19631 | Vaults:3 | Reached XP level 20. HP: 199/199 MP: 26/26
 19771 | Vaults:3 | Noticed Asterion
 19782 | Vaults:3 | Killed Asterion
 19782 | Vaults:3 | Reached *** piety under Makhleb
 20018 | Vaults:4 | Reached skill level 12 in Shields
 20059 | Vaults:4 | Reached skill level 13 in Shields
 20163 | Vaults:4 | Reached **** piety under Makhleb
 20259 | Vaults:5 | Entered Level 5 of the Vaults
 20336 | Vaults:5 | Reached skill level 14 in Shields
 20370 | Vaults:5 | Reached skill level 15 in Shields
 20378 | Vaults:5 | Reached skill level 1 in Shapeshifting
 20425 | Vaults:5 | Reached skill level 2 in Shapeshifting
 20449 | Vaults:5 | Identified the +0 morningstar of Malum Prohibitum {elec,
                  | rC- Int+8 Dex-2}
 20494 | Vaults:5 | Reached skill level 3 in Shapeshifting
 20542 | Vaults:5 | Got a shining gem with 2139 turns to spare
 20542 | Vaults:5 | Got a silver rune of Zot
 20590 | Vaults:5 | Reached skill level 4 in Shapeshifting
 20607 | Vaults:5 | Reached ***** piety under Makhleb
 20711 | Vaults:5 | Reached skill level 5 in Shapeshifting
 20815 | Vaults:5 | Reached skill level 6 in Shapeshifting
 20823 | Vaults:5 | Noticed a dread lich
 20834 | Vaults:5 | Killed a dread lich
 20854 | Vaults:5 | quicksilver dragon scales {rare}; a quicksilver dragon
                  | corpse
 20864 | Vaults:5 | quicksilver dragon scales {rare}; a quicksilver dragon
                  | corpse
 20871 | Vaults:5 | Reached skill level 7 in Shapeshifting
 20872 | Vaults:5 | quicksilver dragon scales {rare}; a quicksilver dragon
                  | corpse
 20882 | Vaults:5 | Identified the +4 sling of Karma {flame, Int+3 SInv}
 20909 | Vaults:5 | Identified the +5 plate armour of the Frog {+Blink rElec
                  | Stlth+}
 20964 | Vaults:5 | Reached XP level 21. HP: 193/199 MP: 18/27
 20991 | Vaults:5 | Noticed a dread lich
 20999 | Vaults:5 | Paralysed by a dread lich for 5 turns
 21093 | Vaults:5 | Reached skill level 8 in Shapeshifting
 21146 | Vaults:5 | an ironbound preserver comes into view. It is wielding the
                  | +10 morningstar "Eos" {elec, Halo rElec}.
 21173 | Vaults:4 | magus.rc [v1.9.6]
 21173 | Vaults:4 | magus.rc [v1.9.6]
 21639 | Lair:4   | Found a staircase to the Slime Pits.
 21739 | Slime:1  | Entered Level 1 of the Pits of Slime
 21760 | Slime:1  | Reached skill level 9 in Shapeshifting
 21930 | Slime:1  | HP: 50/206 [acid blob/splash of acid (33)]
 21935 | Slime:1  | HP: 46/206 [acid blob/splash of acid (12)]
 22018 | Slime:5  | Entered Level 5 of the Pits of Slime
 22072 | Slime:5  | Reached skill level 10 in Shapeshifting
 22074 | Slime:5  | Reached ****** piety under Makhleb
 22142 | Slime:5  | Noticed the Royal Jelly
 22150 | Slime:5  | Killed the Royal Jelly
 22151 | Slime:5  | Reached skill level 11 in Shapeshifting
 22204 | Slime:5  | Got a starry gem with 306 turns to spare
 22204 | Slime:5  | Got a slimy rune of Zot
 22232 | Slime:5  | Identified the ring "Ivijif" {Ice rElec Will+ Int-4 SInv}
 22619 | Depths:1 | Entered Level 1 of the Depths
 22622 | Depths:1 | magus.rc [v1.9.6]
 22622 | Depths:1 | Acquired a +3 hand cannon of flaming
 22805 | Depths:2 | Reached skill level 12 in Shapeshifting
 22834 | Depths:2 | Noticed a caustic shrike
 22842 | Depths:2 | Killed a caustic shrike
 22843 | Depths:2 | Noticed a caustic shrike
 22843 | Depths:2 | Noticed a caustic shrike
 22844 | Depths:2 | Noticed a caustic shrike
 22846 | Depths:2 | Killed a caustic shrike
 22848 | Depths:2 | Killed a caustic shrike
 22848 | Depths:2 | Noticed a golden dragon
 22849 | Depths:2 | Killed a caustic shrike
 22861 | Depths:2 | Killed a golden dragon
 22862 | Depths:2 | Reached XP level 22. HP: 107/214 MP: 17/28
 22905 | Depths:2 | Reached skill level 13 in Shapeshifting
 23000 | Depths:2 | Found a one-way gate leading to the halls of Pandemonium.
 23014 | Pan      | Entered Pandemonium
 23039 | Pan      | HP: 48/200 [chaos spawn[a demonspawn corrupter] (6)]
 23040 | Pan      | HP: 10/200 [acid blob/splash of acid[a demonspawn
                  | corrupter] (22)]
 23040 | Pan      | HP: 2/200 [blizzard demon/bolt of lightning (8)]
 23126 | Pan      | HP: 38/206 [demonspawn black sun/+0 glaive[a shadow demon]
                  | (15)]
 23131 | Pan      | HP: 49/206 [sun demon[a shadow demon] (5)]
 23131 | Pan      | HP: 16/206 [balrug/divine providence[a shadow demon] (14)]
 23133 | Pan      | Mangled by a demonspawn black sun

Vanquished Creatures
  the Royal Jelly (Slime:5)
  A dread lich (Vaults:5)
  4 caustic shrikes (Depths:2)
  A golden dragon (Depths:2)
  A lich (Depths:2)
  3 tentacled monstrosities
  Asterion (Vaults:3)
  4 deep elf blademasters
  2 deep elf master archers (Elf:3)
  7 titans
  24 acid blobs
  3 sphinxes
  A quicksilver dragon (Vaults:5)
  Gastronok (Lair:2)
  Agnes (Snake:4)
  Kirke (Lair:4)
  The ghost of Sagen the Devastator, an adept DrCj of Vehumet (Snake:4)
  2 storm dragons (Vaults:5)
  4 tengu reavers (Vaults:5)
  Roxanne (Shoals:1)
  A revenant (Vaults:2)
  11 azure jellies
  2 shadow dragons
  8 rockslimes
  5 nagarajas
  14 frost giants
  4 vault wardens
  9 fire giants
  2 deep elf elementalists (Elf:3)
  8 deep elf sorcerers
  6 ironbound preservers
  An orc warlord (Vaults:3)
  A reaper (Pan)
  6 quicksilver oozes
  A demonspawn blood saint (Pan)
  3 very ugly things (Depths:2)
  10 stone giants
  A formless jellyfish (Shoals:4)
  3 ironbound thunderhulks (Vaults:3)
  9 deep elf death magi
  4 deep elf demonologists
  A white draconian (IceCv)
  The ghost of Dahi the Basher, a journeyman AtMo of Hepliaklqana (Lair:2)
  8 deep elf annihilators (Elf:3)
  A minotaur (Gauntlet)
  A red draconian (Vaults:4)
  4 vampire knights
  Azrael (D:13)
  A bunyip (shapeshifter) (Vaults:5)
  3 war gargoyles
  A yellow draconian (Vaults:5)
  2 green deaths
  Snorg (Lair:5)
  4 ettins
  14 yaktaur captains
  8 merfolk impalers
  2 crystal guardians
  2 merfolk javelineers
  Josephine (D:15)
  A rakshasa (D:15)
  8 deep elf high priests
  3 great orbs of eyes
  A fire dragon (Depths:2)
  A hydra (Lair:4)
  25 vault guards
  Harold (D:10)
  Erolcha (D:13)
  A hell beast (Pan)
  3 centaur warriors
  3 ogre magi
  3 anacondas
  4 salamander tyrants
  2 alligator snapping turtles
  5 boulder beetles
  9 ironbound frosthearts
  A catoblepas (Lair:5)
  4 dancing weapons (Elf:1)
  2 merfolk aquamancers
  2 peacekeepers
  4 merfolk avatars
  13 death yaks
  14 two-headed ogres
  A deep troll shaman (Depths:2)
  3 satyrs
  4 tengu warriors
  11 naga warriors
  An orc high priest (Elf:1)
  2 shock serpents (Snake:3)
  7 naga sharpshooters
  A spriggan berserker (Depths:2)
  10 hell knights
  7 deep elf knights
  A fire crab (D:15)
  A skyshark (shapeshifter) (Vaults:5)
  3 sun demons (Pan)
  Lodul (D:13)
  A sixfirhy (D:15)
  12 sea snakes
  5 skysharks
  3 salamander mystics
  2 large abominations (Pan)
  23 deep trolls
  A sea snake (shapeshifter) (Vaults:5)
  3 orb spiders (shapeshifter)
  5 mana vipers
  7 deep elf archers
  8 ironbound convokers
  2 glowing orange brains
  A flayed ghost (Depths:2)
  4 naga ritualists (Snake:4)
  An orange crystal statue (IceCv)
  2 phantasmal warriors
  10 arcanists
  19 deep elf zephyrmancers
  20 harpies
  A necromancer (Depths:2)
  2 lindwurms
  5 oklob plants
  14 deep elf pyromancers
  3 orc knights
  4 orc sorcerers
  26 ugly things
  A moth of wrath (Gauntlet)
  13 manticores
  6 cyclopes
  A shining eye (Slime:1)
  A faun (shapeshifter) (Vaults:5)
  15 salamanders
  15 fauns (Shoals:3)
  11 merfolk sirens
  6 elephants
  14 naga magi
  A kobold blastminer (Orc:2)
  12 vault sentinels
  A water nymph (shapeshifter) (D:15)
  A rust devil (D:15)
  A molten gargoyle (D:15)
  2 guardian serpents
  18 black mambas
  5 water nymphs
  3 gargoyles
  7 cane toads
  3 unseen horrors (D:11)
  2 freezing wraiths
  An ice devil (Pan)
  13 komodo dragons
  29 yaktaurs
  3 kobold demonologists
  23 rime drakes
  Psyche (D:12)
  2 efreet (D:15)
  2 tengu conjurers (D:15)
  21 polar bears
  9 trolls
  A merfolk (shapeshifter) (Vaults:5)
  7 wind drakes
  Grinder (D:4)
  A hornet (Lair:5)
  12 merfolk
  17 blink frogs
  An alligator simulacrum (Snake:4)
  A snapping turtle (shapeshifter) (Depths:2)
  3 snapping turtles
  A raiju (D:15)
  3 glass eyes
  A raiju (shapeshifter) (D:15)
  9 dream sheep
  A jumping spider (shapeshifter) (D:14)
  49 slime creatures
  3 shadows
  Sigmund (D:4)
  2 air elementals (D:15)
  8 water elementals
  2 vampires
  A dire elephant simulacrum (Snake:4)
  A human (Lair:4)
  6 hogs (Lair:4)
  6 wyverns
  7 fire elementals
  3 steam dragons
  65 yaks
  9 wraiths
  4 wargs (Orc:2)
  3 golden eyes
  A hog (shapeshifter) (D:14)
  4 basilisks
  A chaos spawn (Pan)
  3 minotaur simulacra (Snake:4)
  2 redbacks (Gauntlet)
  2 vampire mosquitoes (D:12)
  43 nagas
  2 acid dragons (D:11)
  15 water moccasins
  3 hell hounds (D:13)
  18 orc warriors
  Pargi (Sewer)
  A laughing skull (D:11)
  2 sky beasts
  2 black bears
  A meliai simulacrum (D:15)
  9 wolves
  32 ogres
  7 centaurs
  A phantom (D:4)
  4 kobold brigands
  A brain worm (Sewer)
  13 bullfrogs
  A gnoll sergeant (D:8)
  2 deep troll simulacra (Snake:4)
  6 wights
  4 killer bees
  A lindwurm simulacrum (Snake:4)
  A bombardier beetle (D:3)
  7 electric eels (Bailey)
  2 howler monkeys
  3 lava snakes (Lair:2)
  2 hounds (D:5)
  A jelly (D:8)
  10 orc priests
  3 iguanas
  Natasha (D:3)
  4 hell rats (Lair:3)
  17 orc wizards
  16 gnolls
  6 adders
  A white imp (D:7)
  2 ufetubi (D:5)
  A ribbon worm (D:2)
  48 orcs
  10 bats
  8 endoplasms
  3 giant cockroaches
  14 goblins
  13 hobgoblins
  2 jackals (D:2)
  3 quokkas
  6 ball pythons
  4 frilled lizards
  19 kobolds
  A rat (D:1)
  A spectral weapon (Vaults:3)
1440 creatures vanquished.

Vanquished Creatures (collateral kills)
  A titan (Vaults:5)
  An ironbound preserver (Vaults:5)
  A vault guard (Vaults:5)
  An ironbound convoker (Vaults:5)
  A freezing wraith (Vaults:5)
5 creatures vanquished.

Vanquished Creatures (others)
  A water elemental (Shoals:2)
1 creature vanquished.

Grand Total: 1446 creatures vanquished

Table legend:
 A = Non-vault XP
 B = Vault XP
 C = Vault XP percentage of total XP
 D = Non-vault monster count
 E = Vault monster count
 F = Vault count percentage of total count
                 A         B        C        D         E       F
            +---------+---------+-------+---------+---------+-------
      Total |  280667 |  397761 |  58.6 |     744 |     653 |  46.7
            +---------+---------+-------+---------+---------+-------
        D:1 |      25 |      14 |  35.9 |      15 |       8 |  34.8
        D:2 |      60 |       0 |   0.0 |      18 |       0 |   0.0
        D:3 |      89 |     139 |  61.0 |      14 |       4 |  22.2
        D:4 |     262 |     495 |  65.4 |      27 |       2 |   6.9
        D:5 |     571 |       0 |   0.0 |      14 |       0 |   0.0
        D:6 |     228 |      37 |  14.0 |       6 |       1 |  14.3
        D:7 |     565 |       0 |   0.0 |       5 |       0 |   0.0
        D:8 |    1019 |    2943 |  74.3 |      13 |      24 |  64.9
        D:9 |    2332 |       0 |   0.0 |      20 |       0 |   0.0
       D:10 |     986 |     868 |  46.8 |      19 |       1 |   5.0
       D:11 |    3892 |    6998 |  64.3 |      12 |      18 |  60.0
       D:12 |    6114 |     346 |   5.4 |      15 |       1 |   6.2
       D:13 |    1628 |    4843 |  74.8 |       4 |      19 |  82.6
       D:14 |    1658 |    1136 |  40.7 |       2 |       3 |  60.0
       D:15 |     358 |   22353 |  98.4 |       1 |      45 |  97.8
     Lair:1 |    1023 |       0 |   0.0 |       6 |       0 |   0.0
     Lair:2 |   14081 |    4769 |  25.3 |      34 |      12 |  26.1
     Lair:3 |    4063 |    1771 |  30.4 |      16 |       3 |  15.8
     Lair:4 |   12124 |    4883 |  28.7 |      35 |      11 |  23.9
     Lair:5 |   12398 |   11148 |  47.3 |      49 |      29 |  37.2
   Shoals:1 |       0 |    1345 | 100.0 |       0 |       1 | 100.0
   Shoals:2 |    3120 |       0 |   0.0 |       7 |       0 |   0.0
   Shoals:3 |   26852 |    1791 |   6.3 |      49 |       3 |   5.8
   Shoals:4 |    8799 |   24237 |  73.4 |      16 |      42 |  72.4
    Snake:1 |    7557 |       0 |   0.0 |      14 |       0 |   0.0
    Snake:2 |    9727 |       0 |   0.0 |      20 |       0 |   0.0
    Snake:3 |   13709 |    2364 |  14.7 |      26 |       7 |  21.2
    Snake:4 |    8097 |   26813 |  76.8 |      19 |      54 |  74.0
    Slime:1 |   17712 |       0 |   0.0 |      24 |       0 |   0.0
    Slime:3 |    1938 |       0 |   0.0 |       4 |       0 |   0.0
    Slime:5 |    6602 |   32767 |  83.2 |      18 |      25 |  58.1
      Orc:1 |    2895 |       0 |   0.0 |      27 |       0 |   0.0
      Orc:2 |    2008 |   16581 |  89.2 |      23 |      46 |  66.7
      Elf:1 |   17664 |    2811 |  13.7 |      31 |       5 |  13.9
      Elf:2 |    2310 |       0 |   0.0 |       4 |       0 |   0.0
      Elf:3 |    7199 |   38904 |  84.4 |      11 |      37 |  77.1
   Vaults:1 |    2656 |    1874 |  41.4 |       4 |       3 |  42.9
   Vaults:2 |     921 |    3337 |  78.4 |       1 |       4 |  80.0
   Vaults:3 |   25496 |   22202 |  46.5 |      50 |      30 |  37.5
   Vaults:4 |    6772 |   14946 |  68.8 |      14 |      19 |  57.6
   Vaults:5 |   15995 |   80030 |  83.3 |      20 |      77 |  79.4
   Depths:2 |   21137 |   35422 |  62.6 |      26 |      23 |  46.9
        Pan |    8025 |       0 |   0.0 |      11 |       0 |   0.0
      Sewer |       0 |     343 | 100.0 |       0 |       7 | 100.0
     Bailey |       0 |    3121 | 100.0 |       0 |      34 | 100.0
      IceCv |       0 |   23298 | 100.0 |       0 |      50 | 100.0
   Gauntlet |       0 |    2832 | 100.0 |       0 |       5 | 100.0
            +---------+---------+-------+---------+---------+-------

Skill      XL: |  1  2  3  4  5  6  7  8  9 10 11 12 13 14 15 16 17 18 19 20 21 22 |
---------------+-------------------------------------------------------------------+-----
Ranged Weapons | 5 6 7 8 9 11 12 16 18 20 | 20.0
Fighting       | 7 12 13 14 18 21 | 21.6
Dodging        | 4 8 14 15 | 15.0
Invocations    | 6 10 | 10.0
Armour         | 3 4 10 | 10.0
Evocations     | 10 | 10.0
Axes           | 1 15 18 | 18.0
Shields        | 11 15 | 15.0
Shapeshifting  | 7 12 13 | 13.4
Stealth        | |  0.7

Action                     |  1- 3 |  4- 6 |  7- 9 | 10-12 | 13-15 | 16-18 | 19-21 | 22-24 || total
---------------------------+-------+-------+-------+-------+-------+-------+-------+-------++-------
  Melee: Broad axe         |       |       |       |       |       |       |  1085 |   118 ||  1203
         Headbutt          |       |       |       |       |       |       |   402 |    34 ||   436
   Fire: Shortbow          |   130 |   153 |   221 |       |       |       |       |       ||   504
         Orcbow            |       |       |   148 |    44 |       |       |       |       ||   192
         Arbalest          |       |       |       |   420 |   243 |       |       |       ||   663
         Longbow           |       |       |       |       |   381 |  1383 |   169 |       ||  1933
 Invoke: Heroism           |       |       |       |     7 |     3 |    15 |     2 |       ||    27
         Finesse           |       |       |       |     3 |     7 |    15 |     3 |       ||    28
         Receive Weapon    |       |       |       |       |     1 |       |       |       ||     1
         Receive Armour    |       |       |       |       |     1 |       |       |       ||     1
         Greater Servant o |       |       |       |       |       |       |     2 |       ||     2
  Evoke: Wand              |       |       |       |     1 |       |       |    16 |     2 ||    19
         Tin of tremorston |       |       |       |       |       |       |     6 |       ||     6
         Box of beasts     |       |       |       |       |       |       |     2 |       ||     2
    Use: Scroll            |       |     2 |    11 |     8 |     7 |     7 |    12 |     6 ||    53
         Potion            |       |     2 |     1 |     3 |     4 |     2 |    13 |     4 ||    29
   Stab: Invisible         |       |       |       |       |       |       |    17 |       ||    17
         Paralysed         |       |       |       |       |       |       |     2 |       ||     2
         Distracted        |       |       |       |       |       |       |     2 |       ||     2
 Armour: Leather armour    |    47 |    43 |   114 |       |       |       |       |       ||   204
         Skin              |       |    13 |       |       |       |       |       |    36 ||    49
         Steam dragon scal |       |       |    44 |   190 |     6 |       |       |       ||   240
         Troll leather arm |       |       |       |       |   154 |   194 |   293 |       ||   641
         Plate armour      |       |       |       |       |       |       |   192 |    25 ||   217
  Dodge: Dodged            |    53 |    30 |   118 |   141 |   187 |   343 |   435 |    74 ||  1381
  Block: Other             |       |       |       |       |    25 |    64 |     1 |       ||    90
         Reflection        |       |       |       |       |     3 |    16 |    67 |     6 ||    92
         Kite shield       |       |       |       |       |       |       |   876 |   118 ||   994
   Form: Statue            |       |       |       |       |       |       |       |     1 ||     1

Illustrated notes

Table legend:
 A = Kills in this place as a percentage of kills in the entire game.
 B = Kills by you in this place as a percentage of kills by you in the entire game.
 C = Kills by friends in this place as a percentage of kills by friends in the entire game.
 D = Other kills in this place as a percentage of other kills in the entire game.
 E = Experience gained in this place as a percentage of experience gained in the entire game.
 F = Experience gained in this place divided by the number of levels of this place that you have seen.
                   A       B       C       D       E      F
               +-------+-------+-------+-------+-------+----------------------
         Total | 100.0 | 100.0 | 100.0 | 100.0 | 100.0 | 13302.5
       Dungeon |  22.3 |  22.4 |   0.0 |   0.0 |   8.8 | 3997.3
          Lair |  14.0 |  14.0 |   0.0 |   0.0 |   9.8 | 13252.0
        Shoals |   8.4 |   8.4 |   0.0 | 100.0 |   9.7 | 16536.0
     Snake Pit |  10.0 |  10.1 |   0.0 |   0.0 |  10.1 | 17066.8
    Slime Pits |   5.1 |   5.1 |   0.0 |   0.0 |   8.7 | 11803.8
  Orcish Mines |   6.9 |   6.9 |   0.0 |   0.0 |   3.2 | 10742.0
   Elven Halls |   6.3 |   6.3 |   0.0 |   0.0 |  10.2 | 22962.7
        Vaults |  15.9 |  15.6 | 100.0 |   0.0 |  25.7 | 34845.8
        Depths |   3.5 |   3.5 |   0.0 |   0.0 |   8.3 | 28279.5
   Pandemonium |   0.8 |   0.8 |   0.0 |   0.0 |   1.2 | 8025.0
         Sewer |   0.5 |   0.5 |   0.0 |   0.0 |   0.1 | 343.0
        Bailey |   2.4 |   2.4 |   0.0 |   0.0 |   0.5 | 3121.0
      Ice Cave |   3.6 |   3.6 |   0.0 |   0.0 |   3.4 | 23298.0
      Gauntlet |   0.4 |   0.4 |   0.0 |   0.0 |   0.4 | 2832.0
               +-------+-------+-------+-------+-------+----------------------

Table legend: (Time is in decaauts)
 A = Elapsed time spent in this place.
 B = Non-inter-level travel time spent in this place.
 C = Inter-level travel time spent in this place.
 D = Time resting spent in this place.
 E = Time spent auto-exploring this place.
 F = Levels seen in this place.
 G = Mean time per level.
                   A        B        C        D        E       F      G
               +--------+--------+--------+--------+--------+-----+--------+
         Total |  22081 |  18798 |   3283 |    849 |   8350 |  51 |  433.0 |
       Dungeon |   7771 |   5922 |   1849 |     23 |   3789 |  15 |  518.1 |
        Temple |     66 |     10 |     56 |      0 |      0 |   1 |   66.0 |
          Lair |   2805 |   2320 |    485 |     55 |    754 |   5 |  561.0 |
        Shoals |   1402 |   1252 |    150 |     26 |    566 |   4 |  350.5 |
     Snake Pit |   1971 |   1887 |     84 |      0 |    974 |   4 |  492.8 |
    Slime Pits |    420 |    420 |      0 |     18 |      0 |   5 |   84.0 |
  Orcish Mines |   1251 |   1080 |    171 |      0 |    870 |   2 |  625.5 |
   Elven Halls |    956 |    778 |    178 |      0 |     95 |   3 |  318.7 |
        Vaults |   2390 |   2083 |    307 |      7 |    173 |   5 |  478.0 |
        Depths |    351 |    351 |      0 |      0 |      0 |   2 |  175.5 |
   Pandemonium |    155 |    155 |      0 |      0 |      0 |   1 |  155.0 |
         Sewer |    184 |    184 |      0 |      0 |     65 |   1 |  184.0 |
        Bailey |   1039 |   1039 |      0 |    495 |    311 |   1 | 1039.0 |
      Ice Cave |    754 |    754 |      0 |      0 |    566 |   1 |  754.0 |
      Gauntlet |    558 |    558 |      0 |    225 |    186 |   1 |  558.0 |
               +--------+--------+--------+--------+--------+-----+--------+

Top non-repeatable levels by time:
 Snake:4: 1132 daAuts
  Bailey: 1039 daAuts
  Lair:2: 985 daAuts
Vaults:3: 856 daAuts
     D:8: 803 daAuts
Vaults:5: 783 daAuts
Shoals:4: 757 daAuts
   IceCv: 754 daAuts
  Lair:5: 726 daAuts
   Orc:2: 719 daAuts
     D:9: 706 daAuts
    D:10: 703 daAuts
     D:4: 681 daAuts
    D:12: 653 daAuts
     D:5: 592 daAuts
